 Dungeon Crawl Stone Soup version 0.30.0-15-g856e2d3f33 (webtiles) character file.

Game seed: 6345552674042672540

31348 freelancePsychic the Transmogrifier (level 13, 0/120 HPs)
             Began as an Armataur Earth Elementalist on May 18, 2023.
             Was an Elder of Uskayaw.
             Slain by a death yak (18 damage)
             ... on level 3 of the Lair of Beasts.
             The game lasted 00:33:40 (23123 turns).

freelancePsychic the Transmogrifier (AtEE)         Turns: 23123, Time: 00:33:40

Health: 0/120      AC: 10    Str: 18    XL:     13   Next: 25%
Magic:  18/22      EV: 24    Int: 23    God:    Uskayaw [****..]
Gold:   372        SH:  0    Dex: 14    Spells: 7/24 levels left

rFire   x .          .
                       - Unarmed
rCold   + . .        (shield currently unavailable)
rNeg    . . .        y - +3 leather armour "Vauts" {Str+3 Int+4 Dex+3}
rPois   .            f - +2 helmet
rElec   .            (no cloak)
rCorr   .            (gloves currently unavailable)
SInv    +            (no barding)
Will    .....        D - amulet of the acrobat
Stlth   +++          n - ring of see invisible
HPRegen 0.40/turn    b - ring of ice
MPRegen 0.18/turn

%: acrobat, roll
@: mighty, blade hands, acrobatic
A: large, rugged brown scales 3, deformed body, armoured tail, roll, long
tongue, awkward tongue
a: End Transformation, Renounce Religion, Stomp, Line Pass


You were on level 3 of the Lair of Beasts.
You worshipped Uskayaw.
Uskayaw was noncommittal.
You had blades for hands.
You visited 3 branches of the dungeon, and saw 17 of its levels.

You collected 1476 gold pieces.
You spent 1104 gold pieces at shops.

Inventory:

Missiles
 E - 3 curare-tipped darts (quivered)
Armour
 a - a +0 robe
 d - a +0 troll leather armour
 f - a +2 helmet (worn)
 s - +0 steam dragon scales
 y - the +3 leather armour "Vauts" (worn) {Str+3 Int+4 Dex+3}
   (You took it off a vampire on level 10 of the Dungeon)

   Str:       It affects your strength (+3).
   Int:       It affects your intelligence (+4).
   Dex:       It affects your dexterity (+3).
Magical Staves
 c - a staff of air
Jewellery
 b - a ring of ice (right blade hand)
 l - an amulet of faith
 n - a ring of see invisible (left blade hand)
 x - an amulet of guardian spirit
 D - an amulet of the acrobat (around neck)
 L - a ring of protection from fire
Wands
 k - a wand of mindburst (1)
 o - a wand of charming (27)
 z - a wand of flame (27)
Scrolls
 e - 3 scrolls of teleportation {@r4}
 h - 4 scrolls of enchant weapon
 i - 2 scrolls of brand weapon
 m - 2 scrolls of fog
 t - 2 scrolls of magic mapping
 w - 4 scrolls of enchant armour
 H - 3 scrolls of immolation
 K - 2 scrolls of silence
Potions
 g - 2 potions of resistance
 p - 3 potions of mutation
 q - a potion of cancellation
 r - 3 potions of degeneration
 u - 2 potions of flight
 v - a potion of heal wounds {@q2}
 A - 2 potions of brilliance {unknown}
 B - 2 potions of attraction {unknown}
 C - a potion of ambrosia
 F - 2 potions of berserk rage
 I - a potion of lignification
 J - 3 potions of curing {@q1}


   Skills:
 + Level 9.8 Fighting
 - Level 1.0 Short Blades
 - Level 0.3 Throwing
 - Level 1.3 Dodging
 - Level 6.0 Stealth
 - Level 8.0 Unarmed Combat
 - Level 6.0 Spellcasting
 - Level 5.5 Conjurations
 - Level 11.1 Transmutations
 - Level 9.1 Earth Magic


You had 7 spell levels left.
You knew the following spells:

 Your Spells              Type           Power      Damage    Failure   Level
a - Blade Hands           Tmut           27%        N/A       26%         5
b - Stone Arrow           Conj/Erth      80%        3d12      19%         3
c - Petrify               Tmut/Erth      52%        N/A       19%         4
h - Irradiate             Conj/Tmut      22%        3d19      43%         5

Your spell library contained the following spells:

 Spells                   Type           Power      Damage    Failure   Level
 Beastly Appendage        Tmut           100%       N/A       7%          1
 Wereblood                Tmut           55%        N/A       8%          2
 Sandblast                Erth           96%        2d20      10%         1
 Passwall                 Tmut/Erth      43%        N/A       10%         2
 Spider Form              Tmut/Pois      32%        N/A       26%         3
 Ignite Poison            Fire/Tmut/Pois 23%        N/A       38%         3
 Apportation              Tloc           12%        N/A       45%         1
 Dazzling Flash           Conj/Hex       38%        N/A       45%         3
 Blink                    Tloc           12%        N/A       56%         2
 Cigotuvi's Dreadful Rot  Necr/Pois/Air  12%        N/A       56%         2
 Ensorcelled Hibernation  Hex/Ice        20%        N/A       56%         2
 Animate Armour           Summ/Erth      54%        N/A       56%         4
 Statue Form              Tmut/Erth      34%        N/A       67%         6
 Swiftness                Air            6%         N/A       73%         3
 Iskenderun's Mystic Bla  Conj/Tloc      19%        2d6       75%         4
 Sticky Flame             Conj/Fire      19%        2d4       75%         4
 Dragon Form              Tmut           27%        N/A       94%         7
 Freezing Cloud           Conj/Ice/Air   11%        6-21      98%         5
 Agony                    Necr           6%         N/A       99%         5
 Silence                  Hex/Air        3%         N/A       99%         5
 Summon Forest            Summ/Tloc      3%         N/A       99%         5
 Eringya's Noxious Bog    Tmut/Pois      16%        N/A       99%         6
 Malign Gateway           Summ/Tloc      3%         N/A       100%        7
 Summon Hydra             Summ           3%         N/A       100%        7
 Ignition                 Fire           3%         3d4       100%        8
 Shatter                  Erth           24%        3d21*     100%        9


Dungeon Overview and Level Annotations

Branches:
Dungeon (13/15)            Temple (0/1) D:7            Lair (3/5) D:8
 Shoals (0/4) Lair:2          Orc (1/2) D:9
  Snake: Lair:2-3    Spider: Lair:2-3    Vaults: D:13-14

Altars:
Fedhas
Okawaru
Uskayaw
Zin

Shops:
D:5 :

Portals:
Trove: D:10 (give +3 ice dragon scales)

Annotations:
D:3 1 runed translucent door, Pimp's ghost, amateur DEHu
D:5 exclusions: iguana and water moccasin, Eustachio
D:7 exclusion: hornet
D:8 exclusion: hornet
D:12 exclusion: 2 downstairs
Lair:3 exclusion: hydra


Innate Abilities, Weirdness & Mutations

You have blades for hands.
Your spellcasting is less reliable in this form.
You are incapable of wielding weapons or throwing items.
You are completely covered in rugged brown scales. (AC +3, +7% HP)
Armour fits poorly on your strangely shaped body.
You have a long armoured tail.
You roll when moving toward enemies. (Rampage)
Your long tongue fully drains potion bottles. (2x potion effects)
Your tongue gives you trouble enunciating. (1.5x scroll delay)


Message History

The death yak is no longer paralysed. x3; The skyshark is no longer paralysed.
The skyshark bites you!
The skyshark tastes blood and grows stronger!
The skyshark tail-slaps you but does no damage. x2
You slice the skyshark!! You tail-slap the skyshark!
The skyshark is heavily wounded.
A cane toad comes into view.
The skyshark bites you.
The skyshark enters a blood-rage!
The skyshark tail-slaps you but does no damage. x2
Uskayaw will force your foes to share their pain.
Uskayaw links your audience in an emotional bond!
You shred the skyshark!!! You tail-slap the skyshark!
The skyshark is almost dead.
The yak is no longer paralysed. x4; The skyshark bites you!!
* * * LOW HITPOINT WARNING * * *
The skyshark tail-slaps you.
* * * LOW HITPOINT WARNING * * *
The skyshark barely misses you.
You slice the skyshark!!
You kill the skyshark!
The death yak is no longer sharing its pain. x3
The yak gores you.
* * * LOW HITPOINT WARNING * * *
The yak gores you.
* * * LOW HITPOINT WARNING * * *
Training target 6.0 for Spellcasting reached!
Your Spellcasting skill increases to level 6!
Okay, then.
You feel better.
You slurp down every last drop of the potion of curing {@q1}!
The yak is no longer sharing its pain. x5
The cane toad is no longer sharing its pain.
The yak barely misses you. x2
The death yak gores you but does no damage.
The yak attacks as you move away! The yak gores you!
* * * LOW HITPOINT WARNING * * *
The yak gores you.
* * * LOW HITPOINT WARNING * * *
The death yak attacks as you move away! The death yak gores you!!
You die...

### # ## ###.####### ## #
###P.####...#...#Y###.#.##
..........#...#.@Y........
.... #.....⌠.#.#Y#Y......
#. #..#.....###YY...... #
.. ###.......###Y.Y.... #
#. ##.........#


YF..... # #. ##...........##..[... ###.##...##....#...##.....
##..#...###.⌠..##... ..... # #...## #....# #. ...Y You could see 4 death yaks, 5
yaks and a cane toad.

Vanquished Creatures
  A hydra (Lair:2)
  3 centaur warriors (D:9)
  4 two-headed ogres
  A death yak (Lair:3)
  A boulder beetle (D:12)
  Sonja (Lair:1)
  A skyshark (Lair:3)
  4 skeletal warriors
  A deep elf pyromancer (D:9)
  An ugly thing (D:9)
  6 cyclopes
  2 manticores
  4 elephants
  3 black mambas
  Maurice (D:9)
  A gargoyle (D:12)
  3 cane toads
  A kobold demonologist (D:9)
  2 rime drakes (Lair:2)
  4 komodo dragons
  A polar bear (Lair:2)
  4 trolls
  A wind drake (Lair:2)
  Grinder (D:5)
  Prince Ribbit (D:7)
  9 slime creatures
  A shadow (D:11)
  2 vampires
  6 yaks
  5 wraiths
  A wyvern (D:11)
  3 steam dragons
  2 vampire mosquitoes (D:11)
  A warg (Orc:1)
  4 acid dragons
  5 water moccasins
  4 ice beasts
  3 sky beasts (D:10)
  3 black bears
  9 orc warriors
  5 ogres
  13 wolves
  5 centaurs
  A phantom (D:6)
  A kobold brigand (D:10)
  6 bullfrogs
  A gnoll sergeant (D:6)
  6 wights
  5 killer bees
  3 howler monkeys
  4 jellies
  3 hounds
  8 orc priests
  6 iguanas
  A sleepcap (D:3)
  11 orc wizards
  3 gnolls (D:6)
  5 adders
  2 white imps (D:7)
  An ufetubus (D:5)
  3 dart slugs
  40 orcs
  8 endoplasms
  A giant cockroach (D:1)
  7 goblins
  6 hobgoblins
  10 jackals
  2 quokkas (D:2)
  10 ball pythons
  12 bats
  6 frilled lizards
  16 kobolds
  4 rats
326 creatures vanquished.

Notes
Turn   | Place    | Note
-------+----------+-------------------------------------------
     0 | D:1      | freelancePsychic the Armataur Earth Elementalist began the
                  | quest for the Orb.
     0 | D:1      | Reached XP level 1. HP: 14/14 MP: 3/3
   138 | D:1      | Reached XP level 2. HP: 21/21 MP: 0/5
   926 | D:2      | Reached XP level 3. HP: 27/27 MP: 6/6
  1877 | D:2      | Reached XP level 4. HP: 35/35 MP: 5/7
  2230 | D:3      | Found a faded altar of an unknown god.
  2291 | D:3      | Found a runed translucent door.
  2293 | D:3      | Noticed Pimp's ghost (amateur DEHu)
  3018 | D:4      | Reached XP level 5. HP: 21/41 MP: 3/8
  3097 | D:4      | Found a hide-covered altar of Uskayaw.
  3097 | D:4      | Found a glowing silver altar of Zin.
  3158 | D:4      | Became a worshipper of Uskayaw the Reveller
  3449 | D:4      | Reached * piety under Uskayaw
  3978 | D:5      | Entered Level 5 of the Dungeon
  3982 | D:5      | Noticed an ogre
  3986 | D:5      | Reached ** piety under Uskayaw
  3987 | D:5      | Killed an ogre
  3988 | D:5      | Reached skill level 1 in Fighting
  3988 | D:5      | Reached skill level 1 in Conjurations
  4045 | D:5      | Noticed Eustachio
  4203 | D:5      | Noticed a water moccasin
  4223 | D:5      | Reached XP level 6. HP: 31/50 MP: 6/9
  4581 | D:5      | Noticed an ice beast
  4585 | D:5      | Killed an ice beast
  4586 | D:5      | Reached skill level 1 in Short Blades
  4730 | D:5      | Found Niroan's Tremendous Tomes.
  4788 | D:5      | Reached skill level 1 in Transmutations
  4846 | D:5      | Noticed Grinder
  4857 | D:5      | Reached *** piety under Uskayaw
  4858 | D:5      | Killed Grinder
  4859 | D:5      | Reached skill level 1 in Unarmed Combat
  4859 | D:5      | Reached skill level 5 in Earth Magic
  4859 | D:5      | Reached XP level 7. HP: 17/59 MP: 4/10
  5193 | D:5      | Reached skill level 2 in Transmutations
  5802 | D:6      | Reached XP level 8. HP: 52/67 MP: 5/11
  5994 | D:6      | Reached skill level 3 in Transmutations
  6231 | D:6      | Learned a level 3 spell: Stone Arrow
  6236 | D:6      | Learned a level 4 spell: Petrify
  6975 | D:6      | Reached skill level 4 in Transmutations
  7184 | D:6      | You fall into a shaft and drop 2 floors!
  7468 | D:7      | Noticed a hornet
  7590 | D:7      | Noticed Prince Ribbit
  7712 | D:7      | Reached XP level 9. HP: 78/78 MP: 9/12
  8277 | D:7      | Reached skill level 5 in Fighting
  8283 | D:7      | Killed Prince Ribbit
  8426 | D:7      | Found a staircase to the Ecumenical Temple.
  8978 | D:8      | Reached skill level 5 in Transmutations
  9085 | D:8      | Found an iron altar of Okawaru.
  9100 | D:8      | Found a staircase to the Lair.
  9277 | D:8      | Reached skill level 5 in Unarmed Combat
  9621 | D:8      | Found a blossoming altar of Fedhas.
  9935 | D:9      | Noticed a kobold demonologist
  9942 | D:9      | Noticed a sixfirhy
 10392 | D:9      | Noticed a centaur warrior
 10488 | D:9      | Noticed a white ugly thing
 10488 | D:9      | Noticed a troll
 10520 | Lair:1   | Entered Level 1 of the Lair of Beasts
 10520 | Lair:1   | Noticed a black mamba
 10540 | Lair:1   | Killed a black mamba
 10540 | Lair:1   | Reached **** piety under Uskayaw
 10688 | Lair:1   | Reached XP level 10. HP: 88/88 MP: 3/13
 10909 | Lair:1   | Noticed a cane toad
 10929 | Lair:1   | Killed a cane toad
 11233 | Lair:1   | Reached skill level 6 in Transmutations
 11238 | Lair:1   | Reached ***** piety under Uskayaw
 11447 | Lair:1   | Noticed Sonja
 12023 | Lair:1   | Killed Sonja
 12351 | Lair:2   | Noticed a black mamba
 12371 | Lair:2   | Killed a black mamba
 12542 | Lair:2   | Noticed an elephant
 12542 | Lair:2   | Noticed an elephant
 12572 | Lair:2   | Noticed an elephant
 12908 | D:10     | Entered Level 10 of the Dungeon
 13392 | D:10     | Reached skill level 7 in Transmutations
 13743 | D:10     | Reached XP level 11. HP: 38/98 MP: 5/14
 14180 | D:10     | Identified the +3 leather armour "Vauts" {Str+3 Int+4
                  | Dex+3}
 14290 | D:10     | Found a portal to a secret trove of treasure.
 14661 | D:10     | Reached skill level 5 in Stealth
 15679 | D:11     | Noticed a two-headed ogre
 15910 | D:11     | Learned a level 5 spell: Blade Hands
 16057 | D:11     | Killed a two-headed ogre
 16194 | D:12     | Noticed a two-headed ogre
 16199 | D:12     | Killed a two-headed ogre
 16200 | D:12     | Reached skill level 8 in Transmutations
 16838 | D:12     | Noticed a boulder beetle
 16848 | D:12     | Killed a boulder beetle
 16909 | D:12     | Noticed a two-headed ogre
 16921 | D:12     | Killed a two-headed ogre
 16933 | D:12     | Reached XP level 12. HP: 74/108 MP: 14/18
 17087 | D:12     | Reached skill level 9 in Transmutations
 18282 | D:12     | Learned a level 5 spell: Irradiate
 18849 | D:9      | Reached skill level 10 in Transmutations
 18950 | D:9      | Noticed a centaur warrior
 18957 | D:9      | Noticed Maurice
 18960 | D:9      | Killed a centaur warrior
 18973 | D:9      | Reached skill level 5 in Conjurations
 19193 | D:9      | Killed Maurice
 19323 | D:9      | Killed a centaur warrior
 19346 | D:9      | Noticed a centaur warrior
 19397 | D:9      | Killed a centaur warrior
 19611 | D:9      | Found a staircase to the Orcish Mines.
 19839 | Orc:1    | Entered Level 1 of the Orcish Mines
 20098 | Orc:1    | Noticed a two-headed ogre
 20105 | Orc:1    | Killed a two-headed ogre
 20106 | Orc:1    | Reached skill level 11 in Transmutations
 20644 | D:5      | Bought the Compendium of Earthen Space for 1104 gold pieces
 20810 | Lair:2   | Found a staircase to the Shoals.
 21156 | Lair:2   | Reached XP level 13. HP: 96/118 MP: 13/19
 21975 | Lair:2   | Reached skill level 5 in Spellcasting
 23123 | Lair:3   | Slain by a death yak

Illustrated notes

Levels and vault maps discovered:
D:1:      spicycebolla_green_bress_n_ham_2, layout_basic
D:2:      minmay_diamond_boxcup, layout_loops_corners, solitary_fountain
D:3:      layout_loops_ring, hellmonk_ecumenical_altar_leap_of_faith,
          ebering_ghost_reflecting_pool
D:4:      layout_loops_corners, gammafunk_temple_overflow_statue,
          minmay_misc_feat_more_columns
D:5:      layout_basic, nicolae_concentric_dashed_squares_mild,
          minmay_misc_feat_tiny, st_stairs_1, hangedman_abyss_or_decor_stagger,
          serial_bayou_ford_a, nicolae_shop_i_like_big_books, uniq_eustachio,
          uniq_grinder
D:6:      layout_gridville, minmay_fractal_squares_5
D:7:      layout_loops_cross, temple_hall, minmay_starry_boxes,
          uniq_prince_ribbit1
D:8:      layout_rooms, overflow_temple_1_default, overflow_temple_1_default,
          dpeg_oklobed_lair, hangedman_decor_riveting,
          kennysheep_generic_room_16
D:9:      minmay_the_grid_square_5x5_3x3 [minmay_the_grid_square_5x5_corner,
          minmay_the_grid_square_5x5_seven, minmay_the_grid_square_5x5_percent,
          minmay_the_grid_square_5x5_sharp_hourglass,
          minmay_the_grid_square_5x5_megaprize_open,
          minmay_the_grid_square_5x5_bite, minmay_the_grid_square_5x5_inner_v,
          minmay_the_grid_square_5x5_plus, minmay_the_grid_square_5x5_longway],
          layout_rooms, uniq_maurice
D:10:     layout_basic, enter_trove_0, hangedman_misty_isle
D:11:     layout_roguey
D:12:     layout_basic, kennysheep_generic_room_7
D:13:     lemuel_bear_cage, layout_cave_pools, david_vaults_1
Lair:1:   layout_chaotic_city, infiniplex_staircase_pool_2, uniq_sonja
Lair:2:   layout_regular_city, minmay_shoals_entry_beasts
Lair:3:   layout_long_grid, guppyfry_snake_entry_island, grunt_megastairs_5,
          infiniplex_staircase_pool
Orc:1:    layout_caves, roderic_batcave

Skill      XL: |  1  2  3  4  5  6  7  8  9 10 11 12 13 |
---------------+----------------------------------------+-----
Spellcasting   | 2 4 6 |  6.0
Earth Magic    | 3 4 5 6 7 8 9 |  9.1
Stealth        | 3 4 6 |  6.0
Fighting       | 1 2 3 4 6 7 9 |  9.8
Conjurations   | 1 2 3 5 |  5.5
Short Blades   | 1 |  1.0
Transmutations | 1 2 4 5 7 8 11 | 11.1
Unarmed Combat | 1 2 4 5 7 8 |  8.0
Throwing       | |  0.3
Dodging        | |  1.3

Action                     |  1- 3 |  4- 6 |  7- 9 | 10-12 | 13-15 || total
---------------------------+-------+-------+-------+-------+-------++-------
  Melee: Staff             |    12 |       |       |       |       ||    12
         Tailslap          |     6 |    12 |    12 |    95 |    15 ||   140
         Unarmed           |     1 |       |    55 |   475 |    82 ||   613
         Short sword       |    61 |    66 |    10 |       |       ||   137
         Punch             |       |     1 |     1 |    49 |     6 ||    57
  Throw: Dart              |       |       |       |     3 |       ||     3
   Cast: Sandblast         |    42 |    69 |   117 |    20 |       ||   248
         Stone Arrow       |       |       |    59 |    71 |       ||   130
         Petrify           |       |       |     1 |    20 |       ||    21
         Blade Hands       |       |       |       |    34 |     8 ||    42
         Irradiate         |       |       |       |     1 |     3 ||     4
 Invoke: Line Pass         |       |       |     1 |       |     2 ||     3
  Evoke: Wand              |       |     1 |     4 |    13 |       ||    18
    Use: Scroll            |     2 |     6 |     2 |    22 |     1 ||    33
         Potion            |       |       |     8 |    12 |     2 ||    22
   Stab: Sleeping          |     2 |     3 |     1 |     2 |     1 ||     9
         Paralysed         |       |     1 |     5 |    25 |     3 ||    34
         Petrified         |       |       |     6 |    58 |       ||    64
         Petrifying        |       |       |       |     1 |       ||     1
         Distracted        |       |       |       |     1 |       ||     1
 Armour: Robe              |    28 |    31 |    39 |       |       ||    98
         Steam dragon scal |       |       |    16 |    27 |       ||    43
         Troll leather arm |       |       |       |    25 |       ||    25
         Leather armour    |       |       |       |   104 |    56 ||   160
  Dodge: Dodged            |    37 |    34 |    99 |   220 |    65 ||   455
